 Dungeon Crawl Stone Soup version 0.30.0-29-ga12c61a403 (webtiles) character file.

Game seed: 10418450115164400365

131 Bucu the Sneak (level 5, -10/36 HPs)
             Began as an Octopode Brigand on June 24, 2023.
             Mangled by a gnoll
             ... wielding a +1 flail of protection
              (14 damage)
             ... on level 3 of the Dungeon.
             The game lasted 00:04:22 (1198 turns).

Bucu the Sneak (Octopode Brigand)                   Turns: 1198, Time: 00:04:23

Health: -10/36     AC:  1    Str: 10    XL:     5   Next: 14%
Magic:  5/5        EV: 13    Int: 13    God:
Gold:   129        SH:  0    Dex: 16    Spells: 4/4 levels left

rFire   . . .        a - +2 dagger
rCold   . . .        (no shield)
rNeg    . . .        (helmet restricted)
rPois   .            (no amulet)
rElec   .            (no ring)
rCorr   .            (no ring)
SInv    .            (no ring)
Will    .....        (no ring)
Stlth   ++++         (no ring)
HPRegen 0.26/turn    (no ring)
MPRegen 0.09/turn    (no ring)
                     (no ring)

%: no passive effects
@: no status effects
A: almost no armour, amphibious, 8 rings, camouflage 1, gelatinous body 1,
(nimble swimmer 1), tentacles
a: no special abilities


You were on level 3 of the Dungeon.
You visited 1 branch of the dungeon, and saw 3 of its levels.

You collected 129 gold pieces.

Inventory:

Hand Weapons
 a - a +2 dagger (weapon)
 e - a +0 spear
 h - a +0 sling
Missiles
 b - 8 poisoned darts (quivered)
 c - 3 curare-tipped darts
Armour
 f - a +0 ring mail
 i - a +2 helmet
Magical Staves
 k - a staff of conjuration
Scrolls
 d - a scroll of immolation {unknown}
 g - a scroll of identify {unknown}
 l - a scroll of enchant weapon {unknown}
 m - a scroll of fear {unknown}
 p - a scroll of teleportation {unknown}
Potions
 j - a potion of attraction {unknown}
 n - a potion of berserk rage {unknown}
 o - a potion of haste {unknown}


   Skills:
 + Level 2.9 Fighting
 + Level 2.8 Short Blades
 + Level 2.8 Throwing
 + Level 2.2 Dodging
 + Level 6.1 Stealth


You had 4 spell levels left.
You didn't know any spells.
Your spell library was empty.

Dungeon Overview and Level Annotations

Branches:
Dungeon (3/15)

Altars:


Innate Abilities, Weirdness & Mutations

You cannot wear most types of armour.
You are amphibious.
You can wear up to eight rings at the same time.
Your skin changes colour to match your surroundings (Stealth+).
Your rubbery body absorbs attacks. (AC +1, EV +1)
((You are camouflaged when in or above water. (Stealth+)))
You have tentacles for arms and can constrict up to eight enemies at once.


Message History

The gnoll closely misses you.
You barely miss the gnoll. Your grab misses the gnoll.
You squeeze the gnoll, but do no damage.
The gnoll is moderately wounded.
The gnoll misses you.
A gnoll comes into view. It is wielding a +0 halberd.
The gnoll closely misses you. The gnoll barely misses you.
The gnoll hits you with a +0 whip.
You see here a +0 short sword.
The gnoll shouts!
You hit the gnoll. You grab the gnoll.
The gnoll is heavily wounded.
You constrict the gnoll.
The gnoll hits you with a +1 flail of protection.
The gnoll hits you with a +0 whip.
* * * LOW HITPOINT WARNING * * *
The gnoll misses you.
You barely miss the gnoll. You squeeze the gnoll.
You kill the gnoll!
You have reached level 5!
You feel agile.
You hit the gnoll. You grab the gnoll. You squeeze the gnoll.
The gnoll is severely wounded.
You constrict the gnoll. The gnoll closely misses you.
The gnoll barely misses you.
You hit the gnoll but do no damage.
The gnoll is almost dead.
You constrict the gnoll. The gnoll barely misses you. The gnoll misses you.
You hit the gnoll.
You kill the gnoll!
The gnoll completely misses you.
You hit the gnoll but do no damage. You grab the gnoll.
You constrict the gnoll. The gnoll misses you.
You hit the gnoll.
The gnoll is lightly wounded.
You constrict the gnoll, but do no damage.
The gnoll hits you from afar with a +0 halberd!
* * * LOW HITPOINT WARNING * * *
The gnoll hits you with a +1 flail of protection!
You die...

#.............#
#.............#
#/............#
#.............+
#.............#######
#.............††....#
####...g..........#..#.#
......g)...>......#).#.#
#...@..........#..#<#
#..)...........#..###
#..............#...
#...#####+###.#....#.
#+## #.######. #.. ####


You could see 2 gnolls.

Vanquished Creatures
  Jessica (D:2)
  Terence (D:2)
  2 gnolls (D:3)
  An adder (D:3)
  A worm (D:2)
  A dart slug (D:2)
  3 ball pythons
  3 endoplasms (D:2)
  4 giant cockroaches
  6 goblins
  3 hobgoblins (D:1)
  4 kobolds
  6 quokkas
  2 bats
  2 frilled lizards (D:2)
  2 rats
42 creatures vanquished.

Notes
Turn   | Place    | Note
-------+----------+-------------------------------------------
     0 | D:1      | Bucu the Octopode Brigand began the quest for the Orb.
     0 | D:1      | Reached XP level 1. HP: 14/14 MP: 1/1
    63 | D:1      | Reached XP level 2. HP: 9/19 MP: 2/2
   541 | D:2      | Reached XP level 3. HP: 24/24 MP: 3/3
   546 | D:2      | Found a faded altar of an unknown god.
   939 | D:2      | Noticed Terence
   952 | D:2      | Killed Terence
   953 | D:2      | Reached XP level 4. HP: 9/30 MP: 4/4
  1120 | D:2      | Noticed Jessica
  1131 | D:2      | Killed Jessica
  1132 | D:2      | Reached skill level 6 in Stealth
  1194 | D:3      | Reached XP level 5. HP: 10/36 MP: 5/5
  1198 | D:3      | Mangled by a gnoll

Illustrated notes

Levels and vault maps discovered:
D:1:      minmay_arrival_stone_box, layout_basic
D:2:      layout_basic, hellmonk_ecumenical_altar_lost_god,
          kennysheep_jessica_study, uniq_terence
D:3:      layout_basic, chequers_temple_overflow_statue_of_worship, uniq_ijyb

Skill      XL: |  1  2  3  4 |
---------------+-------------+-----
Dodging        | 2 |  2.2
Stealth        | 6 |  6.1
Fighting       | |  2.9
Short Blades   | |  2.8
Throwing       | |  2.8

Action                     |  1- 3 |  4- 6 || total
---------------------------+-------+-------++-------
  Melee: Dagger            |    56 |    28 ||    84
         Tentacles         |    11 |     8 ||    19
         Constrict         |    12 |     8 ||    20
  Throw: Dart              |     1 |       ||     1
   Stab: Sleeping          |    13 |       ||    13
 Armour: Skin              |     3 |       ||     3
  Dodge: Dodged            |    23 |    22 ||    45
